Map: Frozen Temple

Players

Belacqua - Winner!

  • Race: Zerg Zerg
  • League: Gold

capac

  • Race: Terran Terran
  • League: Gold

VOD

Have the link to the VOD?

Description

Time

  • Played on: April 25, 2016, 4:18 p.m.
  • Length: 17:12
Show
View Real Time Build Order
Export as new Build Order

Belacqua Zerg - Winner!

Build Orders: Hatch First 

Get SALT Encoding   

  12  0:02  Drone  
  13  0:15  Drone  
  13  0:18  Overlord  
  13  0:20  Extractor  
  13  0:24  Drone  
  15  0:37  Drone  
  15  0:38  Drone  
  17  0:55  Hatchery  
  16  0:57  Drone  
  17  1:12  Spawning Pool  
  17  1:14  Extractor  
  17  1:16  Drone  
  16  1:20  Drone  
  16  1:24  Drone  
  18  1:31  Overlord  
  18  1:44  Drone  
  19  1:55  Drone  
  19  1:58  Queen  
  22  2:05  Zergling x2  
  22  2:07  Queen  
  25  2:11  Drone  
  26  2:19  Metabolic Boost  
  26  2:20  Overlord  
  27  2:22  Drone  
  27  2:33  Drone x2  
  29  2:41  Spore Crawler  
  28  2:52  Drone x2  
  28  2:53  Drone x2  
  28  2:56  Queen  
  28  2:57  Queen  
  36  3:02  Overlord  
  36  3:08  Extractor  
  36  3:12  Roach Warren  
  34  3:17  Drone x3  
  37  3:21  Overlord  
  37  3:27  Drone x2  
  39  3:28  Drone  
  40  3:40  Drone x3  
  40  3:41  Drone  
  44  3:42  Overlord  
  44  3:46  Zergling x2  
  45  3:52  Roach x3  
  53  3:55  Roach  
  53  4:02  Drone x3  
  56  4:23  Hatchery  
  55  4:25  Roach x2  
  55  4:26  Roach x2  
  63  4:46  Ravager x3  
  63  4:49  Overlord  
  63  4:50  Overlord x2  
  63  4:51  Extractor x2  
  64  5:04  Lair  
  64  5:17  Drone x3  
  64  5:18  Drone x4  
  71  5:21  Overlord  
  71  5:24  Evolution Chamber  
  71  5:26  Evolution Chamber  
  69  5:44  Drone x2  
  71  5:50  Zergling x2  
  71  5:56  Zerg Ground Armor Level 1  
  72  5:58  Zerg Missile Weapons Level 1  
  72  6:00  Drone x3  
  72  6:01  Drone x5  
  80  6:05  Drone x4  
  80  6:06  Spire  
  80  6:10  Overlord  
  83  6:12  Overseer  
  82  6:28  Roach x8  
  82  6:29  Overlord  
  98  6:35  Drone  
  98  6:36  Overlord  
  98  6:37  Infestation Pit  
  98  6:42  Extractor  
  98  6:43  Extractor  
  96  6:51  Hatchery  
  96  6:53  Overlord  
  95  6:57  Ravager x4  
  95  7:00  Overseer  
  99  7:10  Drone x4  
  99  7:11  Drone x3  
  99  7:12  Overlord x3  
  106  7:25  Corruptor x3  
  112  7:34  Zergling x10  
  112  7:35  Zergling x10  
  115  8:15  Drone x8  
  115  8:16  Drone  
  115  8:19  Extractor  
  123  8:29  Zerg Flyer Weapons Level 1, Zerg Ground Armor Level 2  
  123  8:30  Zerg Missile Weapons Level 2  
  123  8:31  Infestation Pit  
  122  8:37  Overlord x2  
  122  8:42  Overlord x3  
  122  8:46  Hatchery  
  121  8:54  Overlord x2  
  121  8:55  Overlord  
  121  9:00  Overlord  
  121  9:01  Overlord, Extractor  
  121  9:02  Extractor  
  119  9:03  Corruptor x2  
  119  9:04  Hatchery  
  119  9:06  Ravager  
  119  9:07  Ravager x4  
  119  9:08  Ravager  
  119  9:09  Ravager x2  
  130  9:26  Hatchery  
  129  9:41  Drone x2  
  129  9:42  Drone x4  
  129  9:43  Drone x3  
  129  9:44  Overlord x3, Drone x2  
  129  9:45  Overlord  
  140  9:48  Hive  
  140  9:51  Spire  
  139  9:57  Drone x3  
  139  9:58  Overlord  
  142  10:11  Pathogen Glands  
  142  10:19  Extractor  
  142  10:20  Roach x4  
  142  10:21  Overlord x3, Extractor, Roach x2  
  153  10:25  Overseer  
  152  10:29  Drone x5  
  152  10:30  Overlord  
  152  10:35  Drone x4  
  161  10:47  Overlord x2  
  161  10:49  Overlord  
  161  10:53  Overseer  
  161  10:57  Ravager x4  
  161  10:58  Ravager  
  161  11:02  Adrenal Glands  
  161  11:03  Zerg Flyer Weapons Level 2  
  161  11:04  Zerg Flyer Armor Level 1  
  166  11:05  Ultralisk Cavern  
  166  11:11  Zergling x16  
  169  11:12  Zergling x12  
  179  11:21  Corruptor x3  
  185  11:43  Overlord  
  185  11:50  Infestor  
  185  11:51  Infestor x3  
  193  12:02  Ultralisk  
  199  12:10  Overlord  
  199  12:17  Chitinous Plating  
  142  12:55  Hatchery  
  112  13:05  Ultralisk x4  
  121  13:06  Corruptor  
  121  13:07  Corruptor  
  121  13:09  Zergling x14  
  121  13:10  Zergling x10  
  135  13:20  Corruptor x2  
  136  13:55  Ultralisk x3  
  145  14:11  Ultralisk  
  145  14:15  Queen  
  153  14:17  Queen  
  153  14:18  Queen  
  153  14:22  Zerg Ground Armor Level 3  
  157  14:24  Zerg Melee Weapons Level 1  
  157  14:27  Drone x2  
  157  14:28  Drone x9  
  157  14:29  Drone x3  
  157  14:30  Overlord  
  157  14:31  Overlord x3  
  171  14:34  Extractor  
  171  14:35  Extractor  
  171  14:36  Extractor  
  168  14:39  Extractor, Corruptor x3  
  173  14:45  Corruptor  
  173  14:50  Queen  
  177  14:53  Spore Crawler  
  134  15:14  Corruptor x5  
  134  15:21  Corruptor  
  129  15:58  Ultralisk x3  
  129  16:00  Zergling x2  
  129  16:01  Zergling x30  
  142  16:12  Zergling x6  
  145  16:19  Ultralisk x2  
  145  16:45  Zergling x6  
  156  16:50  Drone x4  
  156  16:51  Overlord x4, Drone x2  
Show
View Real Time Build Order
Export as new Build Order

capac Terran 

Build Orders: Reaper Expand 

Get SALT Encoding   

  12  0:01  SCV  
  13  0:13  SCV  
  14  0:18  Supply Depot  
  14  0:26  SCV  
  15  0:39  SCV  
  15  0:41  Barracks  
  16  0:46  Refinery  
  16  0:52  SCV  
  17  1:04  SCV  
  18  1:16  SCV  
  19  1:30  Reaper  
  19  1:31  Orbital Command  
  20  1:44  Command Center  
  20  2:02  Marine, SCV  
  22  2:14  Refinery, Factory  
  22  2:15  Supply Depot  
  22  2:25  Barracks Reactor  
  22  2:35  SCV  
  23  2:49  SCV  
  24  2:58  Barracks  
  24  3:01  SCV  
  24  3:02  Starport, Factory Tech Lab  
  26  3:07  Orbital Command  
  26  3:11  Bunker  
  25  3:13  Marine x2  
  27  3:21  SCV  
  27  3:27  Siege Tank  
  31  3:34  SCV  
  31  3:40  SCV  
  33  3:47  Barracks Tech Lab  
  33  3:49  Medivac  
  35  4:02  Marine x2  
  37  4:11  Command Center  
  36  4:17  Marine  
  37  4:26  Marine x2  
  37  4:27  Supply Depot  
  39  4:31  Starport Reactor  
  39  4:39  Marine  
  40  4:48  Barracks  
  40  4:53  Supply Depot  
  40  4:54  SCV x2  
  42  5:01  Marine x2  
  42  5:02  Marine  
  45  5:12  Siege Tank  
  48  5:19  Marine x2  
  50  5:25  Marine  
  50  5:26  SCV x2  
  50  5:28  Supply Depot  
  53  5:35  Medivac x2  
  57  5:39  Marine  
  57  5:42  Barracks Reactor  
  58  5:52  Refinery  
  58  5:55  Marine x2  
  60  6:01  Orbital Command  
  60  6:19  Marine  
  60  6:21  Marine x4  
  65  6:40  Liberator x2  
  65  6:42  Marine x3  
  65  6:43  Marine x2  
  70  6:48  SCV x2  
  70  6:50  Barracks x2, SCV  
  73  7:00  Marine x4, SCV x2  
  85  7:07  Marine, Siege Tank  
  85  7:08  Supply Depot  
  89  7:09  Supply Depot  
  89  7:17  Stimpack  
  88  7:37  Marine x3  
  88  7:38  Marine x2  
  93  7:55  Barracks Tech Lab  
  93  7:56  Barracks Tech Lab, Liberator  
  93  7:57  Liberator  
  82  8:21  Starport, Combat Shields  
  82  8:23  Marine x4  
  82  8:24  Marine x2  
  82  8:25  Marine  
  89  8:41  Marine x4  
  89  8:42  Marine x3, Liberator x2  
  89  8:45  Barracks  
  96  8:55  Supply Depot  
  96  8:57  Supply Depot  
  96  9:01  Marine x3  
  96  9:02  Marine  
  106  9:05  SCV  
  107  9:20  Starport Reactor  
  107  9:21  Supply Depot  
  107  9:25  Liberator x2  
  104  9:35  Marine x4  
  104  9:36  Marine x3  
  111  9:44  SCV x3  
  120  9:53  Marine x5  
  120  9:54  Marine  
  120  9:56  SCV  
  120  9:59  Medivac x2  
  131  10:05  Supply Depot  
  131  10:08  Supply Depot  
  131  10:11  Liberator  
  131  10:12  Liberator  
  131  10:13  Marine  
  131  10:14  Marine  
  133  10:15  Engineering Bay  
  133  10:22  Refinery  
  133  10:27  Marine x5  
  138  10:31  Marine  
  138  10:32  Supply Depot  
  138  10:34  Marine  
  146  10:35  Supply Depot  
  146  10:36  SCV  
  147  10:45  Marine  
  148  10:50  Marine  
  148  10:54  Marine x5  
  154  10:59  Supply Depot  
  154  11:02  Terran Infantry Weapons Level 1, Engineering Bay  
  154  11:21  Medivac x3  
  154  11:22  Medivac  
  154  11:23  Marine x2  
  154  11:24  Marine x5  
  169  11:41  Marine x4  
  173  11:53  Liberator  
  173  12:10  Supply Depot, Marine x3, SCV x2  
  181  12:15  Terran Infantry Armor Level 1  
  181  12:17  Armory  
  181  12:32  Marine x2, SCV x3  
  187  12:44  SCV  
  139  12:57  Marine x5  
  139  12:58  Marine x2  
  111  13:11  Liberator x3  
  103  13:15  Marine x5  
  103  13:16  Marine x2  
  110  13:32  Marine  
  110  13:33  Marine x5  
  110  13:34  Marine  
  125  13:37  Barracks, Barracks Reactor  
  125  13:38  Barracks x2  
  126  13:50  Marine x2  
  126  13:51  Marine x5  
  129  14:08  Marine x3  
  129  14:09  Marine x4  
  136  14:19  SCV x3  
  139  14:26  Marine x2  
  139  14:30  Barracks Reactor x3  
  139  14:31  SCV x2  
  143  14:56  Command Center  
  98  15:16  Marine x7  
  98  15:17  Marine x2  
  101  15:22  Marine x5  
  101  15:23  Marine  
  107  15:33  Marine  
  107  15:34  Marine x7  
  95  16:00  Liberator x3  
  95  16:01  Liberator  
  82  16:14  Marine x4  
  82  16:15  Marine x7  
  82  16:16  Marine x3  
  108  16:32  Marine x4  
  110  16:43  Marine x4  
  110  16:44  Marine x6  
  119  16:50  Marine x2  
Tags
 
Add a new tag
Caveats
  • Supply blocks, unpowered buildings, or Contaminate may cause inaccurate times.
  • Supply counts are checked every 10 seconds.